 Dungeon Crawl Stone Soup version 0.16.0-11-gd45b091 (console) character file.

314351 mauris the Unseen (level 22, -1/150 HPs)
             Began as a Kobold Skald on Mar 16, 2015.
             Was the Champion of Ashenzari.
             Slain by a stone giant (34 damage)
             ... on level 4 of the Vaults on Mar 17, 2015.
             The game lasted 06:28:21 (75055 turns).

mauris the Unseen (Kobold Skald)                   Turns: 75055, Time: 06:28:22

Health: -1/150     AC: 16    Str: 17    XL:     22   Next: 29%
Magic:  10/36      EV: 34    Int: 11    God:    Ashenzari [******]
Gold:   576        SH:  7    Dex: 18    Spells: 12 memorised, 4 levels left

rFire  + . .     SeeInvis +     o - +2 rapier (elec)
rCold  . . .     Clarity  +     d - +2 robe {Archmagi} (curse) {2}
rNeg   . . .     SustAb   .     D - +0 buckler (curse)
rPois  .         Gourm    .     y - +2 hat {MR+} (curse)
rElec  +         Spirit   .     L - +2 cloak
rCorr  +         Warding  .     B - +2 pair of gloves (curse)
rMut   .         NoTele   +     T - +2 pair of boots {Fly} (curse)
MR     +++..                    C - amulet of resist corrosion (curse)
Stlth  +++++++++.               N - ring of the Last Runes {-Tele rElec rF+ AC+1 Slay+3}
                                g - ring of protection from magic (curse)

@: flying, regenerating, extremely resistant to hostile enchantments, incredibly
stealthy
A: antennae 1, repulsion field 1, carnivore 3
a: Scrying, Transfer Knowledge, Renounce Religion, Stop Flying
}: 2/15 runes: decaying, gossamer


You were on level 4 of the Vaults.
You worshipped Ashenzari.
Ashenzari was exalted by your worship.
You were completely stuffed.

You visited 7 branches of the dungeon, and saw 42 of its levels.
You visited 1 bazaar.
You also visited: Labyrinth, Bailey and Ice Cave.

You collected 3816 gold pieces.
You spent 3240 gold pieces at shops.

Inventory:

Hand weapons
 o - a +2 rapier of electrocution (weapon)
Missiles
 e - 1067 stones (quivered)
 Q - 2 throwing nets {eoc}
Armour
 d - a cursed +2 robe of the Archmagi (worn) {2}
 m - a +2 robe of magic resistance {2}
 y - a cursed +2 hat of magic resistance (worn)
 B - a cursed +2 pair of gloves (worn)
 D - a cursed +0 buckler (worn)
 L - a +2 cloak (worn)
 T - a cursed +2 pair of boots of flying (worn)
Jewellery
 g - a cursed ring of protection from magic (left hand)
 C - a cursed amulet of resist corrosion (around neck)
 G - an uncursed ring of poison resistance
 N - the ring of the Last Runes (right hand) {-Tele rElec rF+ AC+1 Slay+3}
   (You found it on level 2 of the Orcish Mines)

   [ring of protection]

   It affects your AC (+1).
   It affects your accuracy and damage with ranged weapons and melee attacks
   (+3).
   It protects you from fire.
   It insulates you from electricity.
   It prevents most forms of teleportation.
 S - an uncursed ring of protection from cold
 Y - an uncursed ring of wizardry
Magical devices
 x - a wand of heal wounds (3) {@v2}
 z - a wand of enslavement (0) {48}
 I - a wand of disintegration (6) {48}
 J - a wand of digging (0) {48}
 U - a wand of hasting (3) {@v3}
 V - a wand of invisibility (2) {9}
Scrolls
 b - 3 scrolls of blinking
 i - 4 scrolls of fear
 p - 4 scrolls of fog
 u - 7 scrolls of recharging
 w - a scroll of amnesia
 A - 4 scrolls of magic mapping
 O - 11 scrolls of identify {@r1}
Potions
 c - 2 potions of restore abilities
 f - a potion of magic
 h - 4 potions of curing {@q1}
 j - 2 potions of cancellation
 q - a potion of brilliance
 t - 7 potions of agility
 v - 2 potions of cure mutation
 R - a potion of resistance
Books
 s - a book of Ice

   Spells                             Type                      Level
   a - Ice Form                       Ice/Transmutation            4
   b - Metabolic Englaciation         Hexes/Ice                    5
   c - Ozocubu's Refrigeration        Ice                          6
   d - Bolt of Cold                   Conjuration/Ice              6
   e - Freezing Cloud                 Conjuration/Ice/Air          6
   f - Simulacrum                     Ice/Necromancy               6
Comestibles
 k - a beef jerky
 l - 21 meat rations


   Skills:
 + Level 19.2 Fighting
 + Level 13.3(15.4) Short Blades
   Level 9.0(10.6) Long Blades
 - Level 0.8 Armour
 + Level 17.0(19.4) Dodging
 + Level 19.9(22.1) Stealth
 - Level 3.8(6.6) Shields
 - Level 9.0 Spellcasting
 - Level 14.8(17.4) Hexes
 - Level 4.5(7.4) Charms
 - Level 8.0(11.0) Summonings
 - Level 3.9(6.7) Necromancy
 - Level 11.0(13.8) Ice Magic


You had 4 spell levels left.
You knew the following spells:

 Your Spells              Type           Power        Failure   Level  Hunger
a - Infusion              Chrm           ####..       1%          1    None
b - Ensorcelled Hibernat  Hex/Ice        ######       1%          2    None
c - Summon Ice Beast      Ice/Summ       #####...     1%          4    ####...
d - Song of Slaying       Chrm           ####....     1%          2    None
e - Enslavement           Hex            ######..     1%          4    ####...
i - Invisibility          Hex            ######..     1%          6    #######
l - Flight                Chrm/Air       ###.......   10%         3    ##.....
m - Metabolic Englaciati  Hex/Ice        ######....   1%          5    #####..
r - Repel Missiles        Chrm/Air       ###...       4%          2    None
w - Swiftness             Chrm/Air       ###.....     4%          2    None
A - Apportation           Tloc           #.........   14%         1    None
R - Regeneration          Chrm/Necr      ####......   2%          3    ##.....


Dungeon Overview and Level Annotations

Branches:
Dungeon (15/15)            Temple (1/1) D:6            Lair (8/8) D:11
  Swamp (5/5) Lair:4       Spider (5/5) Lair:5        Slime (0/6) Lair:8
    Orc (4/4) D:12            Elf (0/3) Orc:3        Vaults (4/5) D:13
  Crypt (0/3) Vaults:2     Depths (0/5) D:15

Altars:
Ashenzari
Cheibriados
Dithmenos
Elyvilon
Fedhas
Gozag
Kikubaaqudgha
Makhleb
Nemelex Xobeh
Okawaru
Qazlal
Ru
Sif Muna
Trog
Vehumet
Xom
Yredelemnul
Zin
The Shining One
Beogh
Jiyva

Shops:
D:4 ([!   Orc:4 :![*

Annotations:
D:4 Sigmund
D:13 1 exclusion
D:15 Azrael
Lair:2 exclusion: oklob plant
Lair:6 exclusion: hydra
Lair:8 1 runed door, exclusion: 2 doors
Swamp:2 asterion!, Asterion
Swamp:4 exclusion: downstairs, Roxanne
Vaults:2 Mara!, Mara


Innate Abilities, Weirdness & Mutations

You are small and have problems with some larger weapons.
You are carnivorous and can eat meat at any time.
You have a pair of small antennae on your head.
You are surrounded by a mild repulsion field (EV +2).


Message History

You feel a surge of power!
The stone giant resists with almost no effort.
The stone giant closely misses you.
Casting: Ensorcelled Hibernation
Confirm with . or Enter, or press ? or * to list all spells.
Aiming: Ensorcelled Hibernation
Press: ? - help, Shift-Dir - straight line, f/p - stone giant
Aim: a stone giant (chance 22%)
You feel a surge of power!
The stone giant resists with almost no effort.
The stone giant completely misses you.
Casting: Ensorcelled Hibernation
Confirm with . or Enter, or press ? or * to list all spells.
Aiming: Ensorcelled Hibernation
Press: ? - help, Shift-Dir - straight line, f/p - stone giant
Aim: a stone giant (chance 22%)
You feel a surge of power!
The stone giant resists with almost no effort.
The stone giant hits you!!
You die...

# #.(...#.....# #
#..().####### #
#...[[......#
#[..........#
######'####### #
#......# ####
#......#########
...###
#..<..(#........
.....##
#..C@).'........#
..<...##
#..).).'...>....#
#..Y...##
#......'........#
#'#.Y...##
######'#........#
..##.....#
#......'........#
...##.)[.##
#......#########
....##))..# #......#
..!..#)...# #..<)..#
#....##...###......#


You could see a stone giant.

Vanquished Creatures
  Frederick (Vaults:2)
  The ghost of Fusha the Eclecticist, a mighty DrVM of Elyvilon (Vaults:3)
  Nikola (Swamp:5)
  2 sphinxes
  A tengu reaver (Vaults:4)
  3 thorn hunters
  Kirke (Spider:5)
  2 storm dragons
  Frances (Swamp:4)
  3 fire giants
  A revenant (Vaults:2)
  2 frost giants
  7 vault wardens
  2 ghost moths
  4 emperor scorpions
  A deep elf sorcerer (Vaults:1)
  A war gargoyle (Vaults:2)
  22 ironheart preservers
  11 stone giants
  2 very ugly things (Vaults:4)
  A deep elf demonologist (Vaults:4)
  A fire dragon (Vaults:2)
  2 ettins
  6 vault guards
  A minotaur (Lab)
  Josephine (Spider:1)
  10 yaktaur captains
  2 ice dragons
  3 great orbs of eyes
  3 rakshasas
  Fannar (Lair:6)
  Harold (Lair:6)
  10 hydras
  A deep elf high priest (D:13)
  An anaconda (shapeshifter) (Vaults:4)
  A ghost crab (Swamp:3)
  6 centaur warriors
  A deep troll shaman (Vaults:3)
  A tengu warrior (D:13)
  18 ogre magi
  A death yak (Lair:8)
  5 alligators
  2 shadow wraiths (Vaults:1)
  A sun demon (Vaults:4)
  6 deep elf knights
  2 soul eaters
  3 fire crabs
  2 skeletal warriors
  A flayed ghost (Vaults:2)
  5 deep trolls
  2 hill giants (D:13)
  A necromancer (Vaults:4)
  11 swamp dragons
  11 orc knights
  2 unseen horrors
  An ice statue (D:13)
  A lindwurm (Lair:7)
  2 shambling mangroves (Swamp:4)
  A harpy (shapeshifter) (D:13)
  A giant orange brain (Vaults:2)
  2 wizards
  3 deep elf conjurers
  An orb spider (shapeshifter) (Vaults:1)
  7 hornets
  11 ironbrand convokers
  5 cyclopes
  2 wolf spider zombies (D:15)
  6 griffons
  4 harpies
  3 human zombies
  3 oklob plants
  16 orb spiders
  4 orc sorcerers
  36 wolf spiders
  A tengu skeleton (Vaults:2)
  12 vault sentinels
  6 black mambas
  A manticore (D:14)
  42 ugly things
  4 centaur zombies
  4 moths of wrath
  Joseph (Orc:2)
  An octopode (shapeshifter) (Vaults:4)
  2 elephants
  4 torpor snails
  A yaktaur zombie (Vaults:4)
  A gargoyle (D:14)
  Psyche (Orc:3)
  17 spiny frogs
  3 kobold demonologists
  An elf (shapeshifter) (Vaults:4)
  5 komodo dragons
  A tormentor (Vaults:4)
  3 naga magi (D:15)
  A red devil (Swamp:4)
  A komodo dragon (shapeshifter) (D:13)
  A wolf spider simulacrum (D:15)
  16 demonic crawlers
  2 tengu conjurers
  2 two-headed ogres (shapeshifter)
  4 freezing wraiths
  33 yaktaurs
  6 fire drakes
  A hellwing (Vaults:4)
  8 deep elf priests
  31 two-headed ogres
  16 polar bears (IceCv)
  22 slime creatures
  11 baby alligators
  A small abomination (Vaults:1)
  7 boulder beetles
  10 trolls
  14 ravens
  A jumping spider (shapeshifter) (Vaults:3)
  5 bog bodies
  30 jumping spiders
  6 blink frogs
  A stone giant simulacrum (Vaults:4)
  3 giant leeches
  12 trapdoor spiders
  A shadow (D:14)
  16 tarantellas
  47 redbacks
  64 yaks
  6 basilisks
  A vampire (Vaults:2)
  A human (shapeshifter) (Vaults:4)
  A tarantella (shapeshifter) (Vaults:1)
  3 wyverns
  Eustachio (Orc:1)
  A golden eye (shapeshifter) (Vaults:4)
  7 wraiths
  11 deep elf magi
  Grum (Orc:3)
  14 deep elf fighters
  13 hippogriffs
  2 spriggans
  A steam dragon (D:14)
  42 vampire mosquitoes
  4 mottled dragons
  10 insubstantial wisps
  25 swamp worms
  4 wargs
  15 wolves
  A warg (shapeshifter) (Vaults:2)
  A soldier ant (D:15)
  26 water moccasins
  2 hell hounds (D:15)
  50 spiders
  10 swamp drakes
  11 porcupines
  5 sky beasts
  2 black bears
  5 phantoms
  A boggart (Vaults:3)
  16 ice beasts
  15 orc warriors
  5 wasps
  76 ogres
  A human skeleton (Vaults:2)
  A boring beetle (shapeshifter) (Vaults:2)
  9 centaurs
  Duvessa (D:5)
  21 crocodiles
  3 boring beetles
  24 giant frogs
  4 big kobolds
  Blork the orc (D:5)
  9 scorpions
  13 wights
  2 vampire bats (D:8)
  9 killer bees
  9 electric eels
  2 goliath beetles
  8 crimson imps
  3 elf zombies (Orc:4)
  A giant frog zombie (D:12)
  Dowan (D:5)
  7 jellies
  A quasit (D:11)
  15 hounds
  11 orc priests
  A human simulacrum (Vaults:2)
  6 iguanas
  4 centaur skeletons
  A giant frog skeleton (D:5)
  12 worker ants
  34 orc wizards
  33 sheep
  A killer bee zombie (D:9)
  A hound skeleton (D:11)
  A mummy (D:12)
  38 river rats
  3 gnolls (D:8)
  24 adders
  2 shadow imps
  A white imp (Orc:1)
  6 worms
  4 giant geckos
  132 orcs
  4 bat skeletons
  4 bat zombies
  5 giant cockroaches
  19 hobgoblins
  22 jackals
  15 quokkas
  A ball python (D:3)
  16 bats
  A giant gecko zombie (D:9)
  3 giant newts
  A giant spore (D:11)
  25 goblins
  A jackal zombie (D:6)
  41 kobolds
  An orc zombie (Orc:4)
  21 rats
  2 plants (Lair:7)
1819 creatures vanquished.

Vanquished Creatures (collateral kills)
  Aizul (Spider:5)
  A vault warden (Vaults:1)
  A very ugly thing (Vaults:1)
  A rakshasa (Vaults:1)
  A war gargoyle (Vaults:4)
  2 ogre magi (Vaults:4)
  11 hydras
  A satyr (shapeshifter) (Vaults:2)
  A centaur warrior (Vaults:2)
  An alligator (Swamp:1)
  An orc high priest (Orc:4)
  A deep troll (Vaults:1)
  2 spriggan druids (Swamp:5)
  2 hill giants
  2 necromancers
  An ironbrand convoker (Vaults:1)
  A swamp dragon (Swamp:5)
  A wizard (Vaults:2)
  2 ugly things
  A cyclops (D:12)
  2 harpies (Vaults:1)
  2 hornets
  A gargoyle (D:13)
  3 yaktaurs
  3 trolls
  A deep elf priest (Vaults:1)
  4 two-headed ogres
  A raven (Swamp:4)
  3 slime creatures
  2 redbacks
  A tarantella (Spider:5)
  2 spriggans
  4 deep elf fighters
  A deep elf mage (Vaults:1)
  A yak (Lair:8)
  10 vampire mosquitoes
  4 swamp worms
  An insubstantial wisp (Swamp:2)
  A water moccasin (Swamp:2)
  An orc warrior (D:12)
  An ice beast (D:13)
  6 swamp drakes
  A wasp (Swamp:5)
  10 ogres
  A giant frog (D:13)
  2 killer bees (D:13)
  2 orc priests
  An adder (Lair:6)
  An ufetubus (Orc:1)
  12 orcs
120 creatures vanquished.

Vanquished Creatures (others)
  A fire giant (Vaults:2)
  A vault warden (Vaults:2)
  A deep troll (Vaults:2)
  A wizard (D:13)
  A spiny frog (Swamp:3)
  A polar bear (IceCv)
  A jumping spider (Vaults:2)
  A slime creature (Vaults:2)
  3 tarantellas
  4 humans (Spider:5)
  2 insubstantial wisps (Swamp:4)
  214 ice beasts
  A spider (Spider:5)
  An orc warrior (D:14)
  A wight (D:14)
  An orc priest (D:12)
  2 orc wizards
  A worker ant (D:13)
  An orc (D:14)
  A giant spore (D:12)
  A ballistomycete (D:12)
  A bush (Lair:8)
  5 fungi
  18 plants
  2 toadstools (Swamp:3)
267 creatures vanquished.

Grand Total: 2206 creatures vanquished

Notes
Turn   | Place    | Note
--------------------------------------------------------------
     0 | D:1      | mauris, the Kobold Skald, began the quest for the Orb.
     0 | D:1      | Reached XP level 1. HP: 12/12 MP: 3/3
    73 | D:1      | Reached skill level 3 in Short Blades
   134 | D:1      | Reached XP level 2. HP: 17/17 MP: 4/4
   322 | D:1      | Huge Dmg: 6 dmg
   833 | D:1      | Reached XP level 3. HP: 21/21 MP: 4/6
  1104 | D:2      | Learned a level 3 spell: Regeneration
  1107 | D:2      | Learned a level 2 spell: Shroud of Golubria
  1121 | D:2      | Huge Dmg: 5 dmg
  1255 | D:2      | Huge Dmg: 4 dmg
  1308 | D:2      | Reached skill level 1 in Necromancy
  1332 | D:2      | Reached XP level 4. HP: 23/26 MP: 7/7
  1474 | D:2      | Huge Dmg: 6 dmg
  1553 | D:2      | Huge Dmg: 8 dmg
  1962 | D:2      | Found a blossoming altar of Fedhas.
  2105 | D:3      | Huge Dmg: 7 dmg
  2108 | D:3      | Huge Dmg: 8 dmg
  2393 | D:3      | Huge Dmg: 10 dmg
  2871 | D:3      | Reached XP level 5. HP: 21/30 MP: 3/9
  3367 | D:3      | Huge Dmg: 9 dmg
  3384 | D:2      | Huge Dmg: 6 dmg
  3447 | D:2      | Huge Dmg: 6 dmg
  3514 | D:2      | Huge Dmg: 7 dmg
  3721 | D:3      | Huge Dmg: 7 dmg
  3910 | D:2      | Huge Dmg: 7 dmg
  4067 | D:3      | Reached skill level 4 in Short Blades
  4067 | D:3      | Reached XP level 6. HP: 35/35 MP: 6/10
  4795 | D:4      | Found Stuf's Antique Weapon Shoppe.
  5094 | D:4      | Found Zymay's Armour Shop.
  5143 | D:4      | Noticed Sigmund
  5275 | D:3      | Huge Dmg: 11 dmg
  5454 | D:3      | Reached skill level 5 in Short Blades
  5466 | D:3      | Huge Dmg: 11 dmg
  5473 | D:3      | Huge Dmg: 5 dmg
  5476 | D:3      | Huge Dmg: 3 dmg
  5478 | D:3      | Huge Dmg: 7 dmg
  5481 | D:3      | Reached XP level 7. HP: 13/40 MP: 1/12
  5726 | D:4      | Found Samugg's Distillery.
  5772 | D:4      | Bought a potion of heal wounds for 55 gold pieces
  5772 | D:4      | Bought a potion of might for 44 gold pieces
  5772 | D:4      | Bought a potion of agility for 44 gold pieces
  5772 | D:4      | Bought a potion of curing for 33 gold pieces
  5776 | D:4      | Got an ancient leather armour {3}
  5787 | D:4      | Identified the +0 leather armour of Omission {rN+, 3} (You found it on level 4 of the Dungeon)
  5912 | D:4      | Huge Dmg: 10 dmg
  5912 | D:4      | Reached skill level 5 in Dodging
  5990 | D:5      | Entered Level 5 of the Dungeon
  6015 | D:5      | Noticed Dowan
  6016 | D:5      | Noticed Duvessa
  6033 | D:5      | Killed Dowan
  6035 | D:5      | Huge Dmg: 9 dmg
  6098 | D:5      | that was dumb
  6116 | D:5      | Reached skill level 6 in Short Blades
  6314 | D:5      | Huge Dmg: 9 dmg
  6318 | D:5      | Huge Dmg: 12 dmg
  6468 | D:5      | Huge Dmg: 6 dmg
  6473 | D:5      | Huge Dmg: 6 dmg
  6473 | D:5      | Killed Duvessa
  6739 | D:5      | Huge Dmg: 13 dmg
  6746 | D:5      | Huge Dmg: 7 dmg
  6788 | D:5      | Reached XP level 8. HP: 37/44 MP: 2/13
  6796 | D:5      | Reached skill level 7 in Short Blades
  7137 | D:5      | Noticed Blork the orc
  7306 | D:5      | Huge Dmg: 12 dmg
  7893 | D:4      | great
  7907 | D:4      | Huge Dmg: 12 dmg
  8142 | D:4      | Bought a runed dagger for 64 gold pieces
  8193 | D:5      | Killed Blork the orc
  8289 | D:6      | nnnnnn
  8299 | D:6      | Reached skill level 8 in Short Blades
  8369 | D:6      | jesus
  8397 | D:5      | Huge Dmg: 10 dmg
  9367 | D:6      | Reached skill level 9 in Short Blades
  9367 | D:6      | Reached XP level 9. HP: 44/48 MP: 9/14
  9826 | D:6      | Reached skill level 10 in Short Blades
 10003 | D:6      | Found a staircase to the Ecumenical Temple.
 10015 | D:6      | Huge Dmg: 20 dmg
 10016 | D:6      | Huge Dmg: 22 dmg
 10019 | D:6      | Huge Dmg: 9 dmg
 10022 | D:6      | Huge Dmg: 15 dmg
 10026 | Temple   | Entered the Ecumenical Temple
 10303 | Temple   | Became a worshipper of Ashenzari the Shackled
 10331 | D:6      | Huge Dmg: 9 dmg
 10376 | Temple   | Gained mutation: You have a pair of small antennae on your head. [potion of beneficial mutation]
 11122 | D:7      | Reached skill level 10 in Dodging
 11159 | D:7      | Reached skill level 11 in Short Blades
 11311 | D:7      | Huge Dmg: 12 dmg
 12005 | D:7      | Reached XP level 10. HP: 53/53 MP: 16/16
 12459 | D:7      | Learned a level 2 spell: Song of Slaying
 12694 | D:8      | Reached skill level 1 in Shields
 13246 | D:8      | Gained mutation: You are surrounded by a mild repulsion field (EV +2). [potion of mutation]
 13246 | D:8      | Gained mutation: Your flesh is heat resistant. [potion of mutation]
 13246 | D:8      | Lost mutation: Your flesh is heat resistant. [potion of mutation]
 13259 | D:8      | Identified the cursed ring "Schorr" {Dex-3 SInv}
 13394 | D:8      | Found an ancient bone altar of Kikubaaqudgha.
 13781 | D:9      | eek
 13793 | D:9      | Huge Dmg: 13 dmg
 13904 | D:9      | Found a bloodstained altar of Trog.
 14011 | D:10     | Entered Level 10 of the Dungeon
 14098 | D:10     | Reached skill level 1 in Stealth
 14333 | D:10     | Huge Dmg: 15 dmg
 14520 | D:10     | Reached skill level 5 in Stealth
 14586 | D:10     | Huge Dmg: 14 dmg
 14587 | D:10     | Huge Dmg: 9 dmg
 14896 | D:10     | Huge Dmg: 13 dmg
 14898 | D:10     | Huge Dmg: 13 dmg
 15370 | D:10     | Learned a level 3 spell: Flight
 15427 | D:10     | Reached XP level 11. HP: 54/57 MP: 17/17
 15955 | D:11     | Huge Dmg: 40 dmg
 16306 | D:11     | Reached skill level 10 in Stealth
 16330 | D:11     | Found a staircase to the Lair.
 16513 | D:11     | Acquired Ashenzari's first power
 16548 | D:11     | Huge Dmg: 11 dmg
 16558 | D:11     | Huge Dmg: 12 dmg
 16762 | D:11     | Huge Dmg: 12 dmg
 16944 | D:11     | Found a sacrificial altar of Ru.
 16961 | D:11     | Reached skill level 12 in Stealth
 16975 | D:11     | Identified a scroll of acquirement
 17280 | Lair:1   | Entered Level 1 of the Lair of Beasts
 17290 | Lair:1   | Learned a level 1 spell: Apportation
 17772 | Lair:1   | Reached skill level 13 in Stealth
 17799 | Lair:1   | Got the uncursed leather armour of Gluttony {rC+, 3}
 18007 | Lair:1   | Identified the +2 leather armour of Gluttony {rC+, 3} (You found it on level 1 of the Lair of Beasts)
 18206 | Lair:1   | Huge Dmg: 12 dmg
 18243 | Lair:1   | Huge Dmg: 16 dmg
 18645 | Lair:2   | Found a blossoming altar of Fedhas.
 18670 | Lair:2   | Noticed an oklob plant
 18882 | Lair:2   | Noticed an eight-headed hydra
 19145 | Lair:2   | Reached XP level 12. HP: 59/62 MP: 18/18
 19262 | Lair:2   | Reached skill level 14 in Stealth
 19554 | Lair:3   | Acquired Ashenzari's second power
 19760 | Lair:3   | Got the uncursed chain mail of the Lizard {rF+ rCorr MP+9 Int+3 Dex-4, 8}
 19771 | Lair:3   | Identified the +5 chain mail of the Lizard {rF+ rCorr MP+9 Int+3 Dex-4, 8} (You found it on level 3 of the Lair of Beasts)
 19973 | Lair:3   | You fall through a shaft!
 20083 | Lair:5   | Noticed Fannar
 20132 | Lair:6   | Killed Fannar
 20132 | Lair:6   | Reached skill level 15 in Stealth
 20137 | Lair:6   | Huge Dmg: 27 dmg
 20266 | Lair:6   | Noticed a six-headed hydra
 20287 | Lair:6   | Noticed Harold
 20325 | Lair:6   | Killed Harold
 20593 | Lair:4   | Noticed an eight-headed hydra
 20602 | Lair:4   | Acquired Ashenzari's third power
 20608 | Lair:4   | Found a frozen archway.
 20632 | IceCv    | Entered an ice cave
 20739 | IceCv    | Huge Dmg: 18 dmg
 21092 | IceCv    | Reached skill level 16 in Stealth
 21176 | IceCv    | Reached XP level 13. HP: 59/66 MP: 19/19
 21404 | IceCv    | Noticed a frost giant
 21542 | IceCv    | Huge Dmg: 15 dmg
 21898 | IceCv    | Identified Enaufun's Grimoire of Harmful Snow (You found it in an ice cave)
 21919 | Lair:4   | Huge Dmg: 17 dmg
 22042 | Lair:3   | Found a deep blue altar of Sif Muna.
 22046 | Lair:3   | Reached skill level 17 in Stealth
 22246 | Lair:3   | Learned a level 4 spell: Summon Ice Beast
 22346 | Lair:4   | Reached skill level 1 in Summonings
 22346 | Lair:4   | Reached skill level 1 in Ice Magic
 22514 | Lair:4   | Huge Dmg: 16 dmg
 22715 | Lair:4   | Found a staircase to the Swamp.
 22796 | Lair:4   | Huge Dmg: 15 dmg
 22804 | Lair:4   | Huge Dmg: 16 dmg
 23258 | Lair:5   | Found a hole to the Spider Nest.
 23295 | Spider:1 | Entered Level 1 of the Spider Nest
 23610 | Lair:5   | Acquired Ashenzari's fourth power
 23879 | Lair:5   | Reached skill level 5 in Summonings
 23903 | Lair:5   | Reached skill level 5 in Ice Magic
 24895 | Lair:7   | Huge Dmg: 19 dmg
 25229 | Lair:7   | Reached XP level 14. HP: 72/72 MP: 20/20
 25963 | Lair:7   | Huge Dmg: 15 dmg
 26308 | Lair:7   | Huge Dmg: 13 dmg
 27078 | Lair:8   | Entered Level 8 of the Lair of Beasts
 27106 | Lair:8   | Found a runed door.
 27114 | Lair:8   | Found a viscous altar of Jiyva.
 27114 | Lair:8   | Found a staircase to the Slime Pits.
 27114 | Lair:8   | Noticed an azure jelly
 27115 | Lair:8   | Noticed an azure jelly
 27115 | Lair:8   | Noticed an azure jelly
 27328 | Lair:8   | Huge Dmg: 20 dmg
 27531 | Lair:8   | Huge Dmg: 21 dmg
 27534 | Lair:8   | Huge Dmg: 13 dmg
 27539 | Lair:8   | Huge Dmg: 13 dmg
 28490 | Lair:8   | Huge Dmg: 28 dmg
 28588 | Lair:8   | Huge Dmg: 29 dmg
 29164 | D:12     | Huge Dmg: 19 dmg
 29187 | D:12     | Huge Dmg: 23 dmg
 29525 | D:12     | Reached skill level 5 in Spellcasting
 29538 | D:12     | Learned a level 6 spell: Invisibility
 29641 | D:12     | Found a staircase to the Orcish Mines.
 29672 | D:12     | Reached skill level 1 in Hexes
 29810 | Orc:1    | Entered Level 1 of the Orcish Mines
 29813 | Orc:1    | Noticed Eustachio
 29854 | Orc:1    | Killed Eustachio
 30069 | Orc:2    | Noticed Joseph
 30076 | Orc:2    | Killed Joseph
 30493 | Orc:2    | Found a roughly hewn altar of Beogh.
 30558 | Orc:2    | Huge Dmg: 15 dmg
 30574 | Orc:2    | Huge Dmg: 10 dmg
 30791 | Orc:2    | Identified the ring of the Last Runes {-Tele rElec rF+ AC+1 Slay+3}
 30860 | Orc:3    | Noticed Grum
 30863 | Orc:3    | Found a staircase to the Elven Halls.
 30874 | Orc:3    | Reached skill level 5 in Hexes
 30877 | Orc:3    | Killed Grum
 31026 | Orc:4    | Entered Level 4 of the Orcish Mines
 31164 | Orc:4    | Found a labyrinth entrance.
 31197 | Lab      | Entered a labyrinth
 31281 | Lab      | Huge Dmg: 26 dmg
 31285 | Lab      | Identified a +4 rod of the swarm (4/9) (You took it off a minotaur in a labyrinth)
 31285 | Lab      | Reached XP level 15. HP: 45/76 MP: 17/27
 31702 | Lair:4   | Killed a 11-headed hydra
 31702 | Lair:4   | Reached skill level 1 in Long Blades
 32142 | Spider:1 | Paralysed by a hornet for 2 turns
 32144 | Spider:1 | Huge Dmg: 33 dmg
 32397 | Swamp:1  | Entered Level 1 of the Swamp
 32868 | Orc:3    | Noticed Psyche
 32880 | Orc:3    | Killed Psyche
 33372 | Orc:4    | Found Skifu's Distillery.
 33372 | Orc:4    | Found Brycsae's Book Shop.
 33373 | Orc:4    | Found Suaddaci's General Store.
 33373 | Orc:4    | Found Smenikh's Antique Armour Shoppe.
 33398 | Orc:4    | Reached skill level 5 in Long Blades
 33453 | Orc:4    | Huge Dmg: 16 dmg
 33492 | Orc:4    | Huge Dmg: 24 dmg
 33596 | Orc:4    | Huge Dmg: 25 dmg
 33597 | Orc:4    | Huge Dmg: 21 dmg
 33602 | Orc:4    | Huge Dmg: 18 dmg
 33886 | Orc:4    | Bought a potion of curing for 39 gold pieces
 33886 | Orc:4    | Bought 2 potions of curing for 78 gold pieces
 33886 | Orc:4    | Bought a potion of curing for 39 gold pieces
 33887 | Orc:4    | Bought a scroll of recharging for 123 gold pieces
 33887 | Orc:4    | Bought a potion of curing for 39 gold pieces
 33888 | Orc:4    | Bought an ichor-stained ring mail for 297 gold pieces
 33889 | Orc:4    | Bought a book of Air for 490 gold pieces
 33889 | Orc:4    | Bought a book of Maledictions for 350 gold pieces
 33892 | Orc:4    | Learned a level 2 spell: Ensorcelled Hibernation
 34118 | Orc:4    | Huge Dmg: 17 dmg
 34158 | Orc:4    | Noticed an orc warlord
 34169 | Orc:4    | Huge Dmg: 24 dmg
 34812 | Orc:4    | Identified the +1 ring mail "Skula" {Str+2 Int-2 SInv, 5} (You bought it in a shop on level 4 of the Orcish Mines)
 35163 | D:12     | Huge Dmg: 36 dmg
 36233 | D:13     | Huge Dmg: 16 dmg
 36273 | D:13     | Found a flagged portal.
 36287 | Bailey   | Entered a bailey
 36899 | D:13     | Huge Dmg: 18 dmg
 36943 | D:13     | Huge Dmg: 14 dmg
 37165 | D:13     | Huge Dmg: 19 dmg
 37168 | D:13     | Huge Dmg: 13 dmg
 37355 | D:13     | Huge Dmg: 14 dmg
 37357 | D:13     | Huge Dmg: 10 dmg
 37666 | D:13     | fucking
 37927 | D:13     | Found a gate to the Vaults.
 37937 | D:13     | Huge Dmg: 18 dmg
 38150 | D:13     | Huge Dmg: 17 dmg
 38152 | D:13     | Huge Dmg: 14 dmg
 38175 | D:13     | Reduced skill Short Blades to level 10
 38180 | D:13     | Huge Dmg: 21 dmg
 38497 | Orc:4    | Learned a level 2 spell: Repel Missiles
 38500 | Orc:4    | Learned a level 2 spell: Swiftness
 38505 | Orc:4    | Learned a level 4 spell: Enslavement
 38701 | D:13     | Noticed a fire giant
 38718 | D:13     | nope nope nope
 38943 | D:14     | Found a shadowy altar of Dithmenos.
 39076 | D:14     | Found Klikuek's Food Boutique.
 39203 | D:13     | Reached XP level 16. HP: 80/80 MP: 32/32
 39233 | D:14     | Reached skill level 10 in Long Blades
 39349 | D:14     | Huge Dmg: 17 dmg
 39582 | D:15     | Entered Level 15 of the Dungeon
 39718 | D:13     | Huge Dmg: 13 dmg
 39720 | D:13     | Huge Dmg: 18 dmg
 39724 | D:14     | Huge Dmg: 13 dmg
 39925 | D:15     | Huge Dmg: 49 dmg
 39925 | D:15     | mmm
 39973 | D:15     | Found a deep blue altar of Sif Muna.
 40241 | D:15     | Huge Dmg: 22 dmg
 40247 | D:14     | Huge Dmg: 12 dmg
 40352 | D:15     | Huge Dmg: 20 dmg
 40384 | D:15     | Huge Dmg: 17 dmg
 40628 | D:15     | Found a staircase to the Depths.
 40809 | D:15     | Noticed Azrael
 40957 | D:14     | Identified the +1 quarterstaff of Termination {venom, Str+2} (You took it off a crimson imp on level 13 of the Dungeon)
 40985 | D:13     | Identified the +1 quarterstaff of Termination {venom, Str+2} (You took it off a crimson imp on level 13 of the Dungeon)
 42269 | Spider:1 | Noticed Josephine
 42278 | Spider:1 | Huge Dmg: 24 dmg
 42288 | Spider:1 | Killed Josephine
 42429 | Spider:1 | Paralysed by a wasp for 2 turns
 42434 | Spider:1 | Huge Dmg: 15 dmg
 43708 | Spider:1 | Reached skill level 5 in Fighting
 43776 | Spider:2 | Paralysed by a hornet for 2 turns
 43778 | Spider:2 | Huge Dmg: 22 dmg
 43977 | Spider:2 | Huge Dmg: 50 dmg
 44199 | Spider:2 | Huge Dmg: 31 dmg
 44836 | Spider:3 | Huge Dmg: 24 dmg
 44843 | Spider:3 | Huge Dmg: 21 dmg
 44851 | Spider:3 | Reached XP level 17. HP: 44/96 MP: 33/33
 45168 | Spider:3 | Huge Dmg: 22 dmg
 45302 | Spider:2 | Huge Dmg: 23 dmg
 45766 | Spider:3 | Huge Dmg: 48 dmg
 45965 | Spider:2 | Huge Dmg: 19 dmg
 46242 | Spider:3 | nice
 46561 | Spider:4 | Huge Dmg: 28 dmg
 46787 | Spider:4 | Reached skill level 10 in Fighting
 47862 | Spider:5 | Entered Level 5 of the Spider Nest
 47920 | Spider:4 | Huge Dmg: 26 dmg
 48369 | Spider:1 | Huge Dmg: 21 dmg
 49520 | Swamp:1  | Identified the ring of Ygulanna {Ice +Blink +Inv}
 49560 | Swamp:2  | Huge Dmg: 17 dmg
 49563 | Swamp:2  | Huge Dmg: 20 dmg
 49565 | Swamp:1  | Huge Dmg: 14 dmg
 49568 | Swamp:1  | Huge Dmg: 10 dmg
 49582 | Swamp:1  | Huge Dmg: 18 dmg
 49585 | Swamp:1  | Huge Dmg: 14 dmg
 50505 | Swamp:2  | Noticed Asterion
 51470 | Swamp:4  | Noticed Roxanne
 51522 | Swamp:4  | Noticed Frances
 51571 | Swamp:4  | Killed Frances
 51571 | Swamp:4  | Reached XP level 18. HP: 71/116 MP: 8/33
 52005 | Swamp:4  | Huge Dmg: 20 dmg
 52008 | Swamp:4  | Huge Dmg: 31 dmg
 52536 | Swamp:5  | Entered Level 5 of the Swamp
 52695 | Swamp:5  | Noticed Nikola
 52913 | Swamp:5  | Huge Dmg: 21 dmg
 52980 | Swamp:5  | Huge Dmg: 15 dmg
 52982 | Swamp:5  | Huge Dmg: 7 dmg
 53149 | Swamp:5  | Killed Nikola
 53156 | Swamp:5  | Reached skill level 15 in Fighting
 53708 | Swamp:5  | Got a decaying rune of Zot
 53742 | Swamp:5  | Huge Dmg: 39 dmg
 54729 | Vaults:1 | Entered Level 1 of the Vaults
 55423 | Vaults:1 | Huge Dmg: 18 dmg
 55912 | Vaults:1 | Huge Dmg: 14 dmg
 55913 | Vaults:1 | Huge Dmg: 16 dmg
 56456 | Vaults:1 | Huge Dmg: 27 dmg
 56493 | Vaults:1 | Huge Dmg: 20 dmg
 56743 | Vaults:1 | Reached XP level 19. HP: 128/128 MP: 27/34
 56856 | Vaults:1 | Huge Dmg: 19 dmg
 57483 | Vaults:1 | Huge Dmg: 32 dmg
 57654 | Vaults:1 | Huge Dmg: 24 dmg
 57656 | Vaults:1 | Huge Dmg: 28 dmg
 58403 | Vaults:2 | Upgraded the game from 0.16.0-8-gd9ae3a8 to 0.16.0-11-gd45b091
 58534 | Vaults:2 | Reached skill level 10 in Hexes
 58597 | Vaults:1 | Huge Dmg: 31 dmg
 59301 | Vaults:2 | Huge Dmg: 31 dmg
 59310 | Vaults:2 | Huge Dmg: 24 dmg
 59322 | Vaults:2 | Huge Dmg: 15 dmg
 59909 | Vaults:1 | Huge Dmg: 26 dmg
 60275 | Vaults:2 | Noticed Mara
 60872 | D:13     | Found a gateway to a bazaar.
 60903 | D:13     | Huge Dmg: 17 dmg
 61083 | D:13     | Huge Dmg: 14 dmg
 61258 | D:13     | Killed a fire giant
 61321 | Bazaar   | Entered a bazaar
 61323 | Bazaar   | Found Kousuam's General Store.
 61326 | Bazaar   | Found Gauc's General Store.
 61327 | Bazaar   | Bought a scroll of identify for 34 gold pieces
 61327 | Bazaar   | Found Meimoi's Book Boutique.
 61328 | Bazaar   | Found Uxkesem's Distillery.
 61332 | Bazaar   | Bought a potion of might for 36 gold pieces
 61332 | Bazaar   | Bought a potion of curing for 27 gold pieces
 61332 | Bazaar   | Bought a potion of curing for 27 gold pieces
 61337 | Bazaar   | Bought a potion of heal wounds for 90 gold pieces
 61365 | Bazaar   | Bought a potion of cure mutation for 315 gold pieces
 61370 | Bazaar   | Bought a scroll of recharging for 171 gold pieces
 61375 | Bazaar   | Bought a book of Ice for 845 gold pieces
 61585 | D:15     | Learned a level 5 spell: Metabolic Englaciation
 61916 | Vaults:2 | Noticed Frederick
 62062 | Vaults:2 | Identified the +8 quarterstaff of Watchfulness {drain, Noisy rN+ MR+ Int+3 Dex+2} (You took it off an ironheart preserver on level 2 of the Vaults)
 62069 | Vaults:2 | Killed Frederick
 62077 | Vaults:2 | Huge Dmg: 34 dmg
 62328 | Vaults:2 | Reduced skill Long Blades to level 10
 62370 | Vaults:2 | Huge Dmg: 51 dmg
 62588 | Vaults:2 | Huge Dmg: 58 dmg
 62597 | Vaults:2 | Huge Dmg: 17 dmg
 62947 | Vaults:2 | Reached skill level 10 in Ice Magic
 63120 | Vaults:2 | Huge Dmg: 26 dmg
 63151 | Vaults:2 | Huge Dmg: 36 dmg
 63575 | Vaults:2 | Reached XP level 20. HP: 135/135 MP: 26/35
 63589 | Vaults:2 | Found a staircase to the Crypt.
 65638 | Spider:5 | Noticed Kirke
 65671 | Spider:5 | Killed Kirke
 65914 | Spider:5 | Noticed Aizul
 65950 | Spider:5 | Killed Aizul
 66507 | Spider:5 | Got a gossamer rune of Zot
 66883 | Spider:3 | Reached skill level 15 in Dodging
 67476 | Vaults:2 | Huge Dmg: 38 dmg
 67598 | Vaults:3 | Reached skill level 18 in Fighting
 67755 | Vaults:3 | Huge Dmg: 26 dmg
 67758 | Vaults:3 | Huge Dmg: 37 dmg
 67767 | Vaults:3 | Huge Dmg: 27 dmg
 68085 | Vaults:3 | Reached skill level 10 in Short Blades
 68404 | Vaults:3 | Huge Dmg: 33 dmg
 68663 | Vaults:3 | Huge Dmg: 24 dmg
 68665 | Vaults:3 | Huge Dmg: 25 dmg
 68668 | Vaults:3 | Huge Dmg: 16 dmg
 68669 | Vaults:3 | Huge Dmg: 19 dmg
 68675 | Vaults:3 | Huge Dmg: 10 dmg
 69041 | Vaults:3 | Huge Dmg: 34 dmg
 69210 | Vaults:3 | Huge Dmg: 20 dmg
 69566 | Vaults:3 | Reached XP level 21. HP: 116/141 MP: 29/35
 69834 | Vaults:3 | Huge Dmg: 29 dmg
 69843 | Vaults:3 | Huge Dmg: 27 dmg
 70222 | Vaults:3 | Huge Dmg: 30 dmg
 70466 | Vaults:3 | Noticed Fusha's ghost (mighty DrVM)
 70473 | Vaults:3 | Huge Dmg: 46 dmg
 70474 | Vaults:3 | Huge Dmg: 24 dmg
 70480 | Vaults:3 | Huge Dmg: 26 dmg
 70485 | Vaults:3 | Huge Dmg: 19 dmg
 70498 | Vaults:3 | Killed Fusha's ghost
 71203 | Vaults:3 | Huge Dmg: 31 dmg
 71332 | Vaults:3 | Found a bloodstained altar of Trog.
 72028 | Vaults:4 | Reached skill level 19 in Stealth
 72032 | Vaults:4 | Huge Dmg: 36 dmg
 72722 | Vaults:4 | Huge Dmg: 29 dmg
 72937 | Vaults:4 | Huge Dmg: 36 dmg
 73463 | Vaults:4 | test
 73463 | Vaults:4 | ok there's a deep elf demonologist here that you shouldnt die to
 73525 | Vaults:4 | Huge Dmg: 31 dmg
 74085 | Vaults:4 | Reached XP level 22. HP: 149/149 MP: 14/36
 74558 | Vaults:4 | Huge Dmg: 30 dmg
 75043 | Vaults:4 | Huge Dmg: 45 dmg
 75049 | Vaults:4 | Huge Dmg: 34 dmg
 75050 | Vaults:4 | Huge Dmg: 28 dmg
 75055 | Vaults:4 | Slain by a stone giant

Action                   |  1- 3 |  4- 6 |  7- 9 | 10-12 | 13-15 | 16-18 | 19-21 | 22-24 || total
-------------------------+-------+-------+-------+-------+-------+-------+-------+-------++-------
Melee: Short sword       |    91 |   231 |   138 |       |       |       |       |       ||   460
       Dagger            |       |       |   282 |  1020 |  1033 |  1482 |   751 |       ||  4568
       Whip              |       |       |    19 |       |       |       |       |       ||    19
       Falchion          |       |       |       |       |   861 |   802 |       |       ||  1663
       Rapier            |       |       |       |       |       |       |   677 |   117 ||   794
Throw: Stone             |       |   170 |    11 |       |     2 |       |       |       ||   183
       Throwing net      |       |       |       |       |       |     3 |       |       ||     3
 Cast: Infusion          |    11 |    20 |    33 |    13 |       |       |       |       ||    77
       Shroud of Golubri |     1 |     1 |     3 |     1 |       |       |       |       ||     6
       Regeneration      |       |     2 |    12 |     5 |     5 |    14 |     9 |     1 ||    48
       Flight            |       |       |       |     1 |       |       |       |       ||     1
       Summon Ice Beast  |       |       |       |       |    89 |   159 |   217 |     9 ||   474
       Invisibility      |       |       |       |       |       |     2 |    18 |     3 ||    23
       Repel Missiles    |       |       |       |       |       |     2 |     5 |       ||     7
       Enslavement       |       |       |       |       |       |       |     7 |       ||     7
       Ensorcelled Hiber |       |       |       |       |       |       |   357 |    42 ||   399
       Swiftness         |       |       |       |       |       |       |     3 |       ||     3
       Metabolic Englaci |       |       |       |       |       |       |     3 |       ||     3
       Apportation       |       |       |       |       |       |       |     2 |       ||     2
       Song of Slaying   |       |       |       |       |       |       |     1 |       ||     1
Invok: Scrying           |       |       |       |       |     1 |     1 |       |       ||     2
       Transfer Knowledg |       |       |       |       |     1 |       |     1 |       ||     2
 Abil: Evoke Flight      |       |       |       |       |       |     1 |       |       ||     1
Evoke: Wand              |       |       |       |     1 |    22 |     8 |     9 |       ||    40
  Use: Scroll            |     2 |     4 |     9 |    20 |    20 |    20 |     9 |       ||    84
       Potion            |     2 |     2 |     6 |     4 |     4 |    17 |    13 |     1 ||    49
 Stab: Sleeping          |       |     3 |       |    46 |    88 |    62 |   173 |    16 ||   388
       Distracted        |       |       |       |     2 |    14 |    29 |    45 |     4 ||    94
       Fleeing           |       |       |       |     1 |       |       |       |       ||     1
       Invisible         |       |       |       |       |     8 |     7 |    36 |     8 ||    59
       Held in net/web   |       |       |       |       |       |     1 |       |       ||     1
       Confused          |       |       |       |       |       |     1 |       |       ||     1
  Eat: Chunk             |    10 |    13 |    26 |    31 |    81 |    71 |   102 |     7 ||   341
       Pizza             |       |       |       |       |     1 |     3 |       |       ||     4
       Meat ration       |       |       |       |       |       |     1 |     1 |       ||     2
       Beef jerky        |       |       |       |       |       |     1 |       |       ||     1
       Royal jelly       |       |       |       |       |       |     1 |       |       ||     1

Vault maps used:
D:1:      sevenhm_arrival_forest_fort_small_6
D:2:      lemuel_doored_altar
D:4:      serial_shops, shop, nicolae_shop_window_shopping, shop_statue,
          first_bread, uniq_iyjb, uniq_natasha, uniq_sigmund
D:5:      guppyfry_early_lair_pool, uniq_blork_the_orc, uniq_duvessa
D:6:      minmay_temple_entry_grid
D:7:      grunt_decor_mini_mirrors
D:8:      kennysheep_vampire_church
D:9:      nicolae_overflow_crystal_walls, grunt_livestock
D:10:     library_closet, serial_bayou_lake_a
D:11:     lair_0_dummy, basic_altar
D:12:     serial_park_square1, orc_0_dummy
D:13:     thingy_vault, david_vaults_1, serial_shops, statue_bzr, enter_bailey_3
D:14:     serial_shops, kennysheep_mini,
          nicolae_dithmenos_through_a_glass_darkly, minmay_strange_pillars,
          nicolae_wwwww
D:15:     grunt_enter_depths_magical_seal, minmay_splitting_lines, basic_altar,
          uniq_azrael
Temple:   nicolae_temple_elliptical
Lair:1:   serial_bayou_shore_b
Lair:2:   serial_bayou_lagoon_a, tgw_fedhas
Lair:3:   basic_altar, minmay_holes, st_stairs_12
Lair:4:   swamp_mist, portal_ice_cave_entry_ice_beasts
Lair:5:   spider_nest_entry_a, uniq_fannar
Lair:6:   st_stairs_12, grunt_forest_large_clearings, uniq_harold
Lair:8:   evil_forest, slime_altar_2, minmay_hedge_maze
Swamp:1:  evilmike_swamp_ruin_house_1, infiniplex_staircase_pool_2
Swamp:2:  nicolae_swamp_feature_on_the_river_bank, uniq_asterion
Swamp:3:  cheibrodos_swamp_tower_of_moss, evilmike_swamp_ruin_house_5
Swamp:4:  hangedman_swamp_blocks, uniq_roxanne, uniq_frances
Swamp:5:  swamp, swamp_pool4, uniq_nikola
Spider:1: uniq_josephine
Spider:5: grunt_spider_rune_island, worms_lemuel, uniq_louise, uniq_kirke,
          uniq_aizul
Orc:1:    uniq_eustachio
Orc:2:    trap_god_beogh, uniq_joseph
Orc:3:    nicolae_orc_pool_cavern, mines4_lemuel, uniq_grum, uniq_psyche
Orc:4:    st_orc_ogre_mass, lab_entry_generic, elf_legates
Vaults:1: vaults_standard_mumra_enter_the_diamond, hangedman_vaults_variations,
          v_rooms_6, vaults_dpeg_encased_lava, vaults_mumra_hex,
          nicolae_vaults_little_squares_3, ontoclasm_vaults_hangar,
          ontoclasm_vaults_ligature, v_misc_5, vaults_room_pools
Vaults:2: st_hourglassy, minmay_crypt_entry_simple_round, v_misc_10,
          nicolae_vaults_little_squares_6, vaults_room_door_ring,
          vaults_room_grid, uniq_mara, uniq_frederick
Vaults:3: ontoclasm_vaults_loading_screen, vaults_room_pool,
          nicolae_vaults_ring_of_whatevers, vaults_mumra_lcd, stair_cage_open,
          v_misc_13, v_misc_15, grunt_vaults_bifocal, v_pattern_4,
          vaults_room_boxed, vaults_mumra_hexcomb, vaults_dpeg_doors,
          nicolae_vaults_little_squares_1, vaults_dpeg_ring,
          ontoclasm_vaults_gateway, basic_altar
Vaults:4: grunt_vaults_trifunnel, vaults_dpeg_hooks, nicolae_vaults_minivaults,
          v_pattern_1, nicolae_vaults_little_squares_3, vaults_mumra_minichess,
          nicolae_vaults_arrows, nicolae_vaults_ninety_degrees, v_misc_9,
          vaults_room_pool
Lab:      labyrinth_watery, nicolae_lab_garden, nicolae_lab_plus
Bazaar:   bazaar_minmay_cross
Bailey:   bailey_polearm_3, bailey
IceCv:    ice_cave_caverns_03
